Map: World of Sleepers LE

Players

Snowden - Winner!

  • Race: Terran Terran
  • Spawn Location: 1:00

SortOf

  • Race: Zerg Zerg
  • League: Master
  • Spawn Location: 7:00

Event: NationWars 2019

VOD

Have the link to the VOD?

Description

Time

  • Played on: Oct. 1, 2019, 2:18 p.m.
  • Length: 4:25
Show
View Real Time Build Order
Export as new Build Order

Snowden Terran - Winner!

Build Orders:  

Get SALT Encoding   

  12  0:01  SCV  
  13  0:13  SCV  
  14  0:23  Supply Depot  
  14  0:47  Barracks  
  14  0:52  Barracks  
  14  1:06  Barracks  
  14  1:10  SCV  
  15  1:34  Marine  
  15  1:36  Barracks  
  15  1:39  Marine  
  17  1:45  Supply Depot  
  17  1:52  Marine  
  17  1:53  Marine  
  19  1:57  Marine  
  20  2:10  Marine x2  
  20  2:15  Marine  
  23  2:26  Bunker  
  23  2:27  Marine x2  
  23  2:28  Marine  
  25  2:33  Marine  
  25  2:44  Marine  
  25  2:45  Marine  
  25  2:46  Marine  
  25  2:51  Marine  
  28  3:02  Marine  
  28  3:03  Marine  
  28  3:04  Marine  
  26  3:08  Marine  
  27  3:21  Marine  
  27  3:22  Marine  
  27  3:26  Marine  
  31  3:30  Supply Depot  
  31  3:31  Marine  
  31  3:43  Marine x2  
  30  3:48  Marine  
  30  3:51  Marine  
  31  4:01  Marine x2  
  33  4:06  Marine  
Show
View Real Time Build Order
Export as new Build Order

SortOf Zerg 

Build Orders: Pool First 

Get SALT Encoding   

  12  0:00  Drone  
  13  0:12  Overlord  
  13  0:19  Drone  
  14  0:30  Drone x2  
  16  0:41  Spawning Pool  
  15  0:44  Drone  
  15  0:48  Drone  
  17  1:08  Hatchery  
  16  1:11  Drone  
  17  1:26  Extractor  
  17  1:27  Zergling x4  
  17  1:28  Zergling x2  
  17  1:32  Queen  
  21  1:40  Overlord  
  21  1:49  Drone  
  22  2:00  Drone  
  23  2:07  Queen  
  25  2:10  Spine Crawler  
  24  2:17  Overlord  
  24  2:21  Zergling x4  
  26  2:31  Zergling x2  
  26  2:37  Zergling x2, Queen  
  27  2:43  Zergling x4  
  29  2:50  Metabolic Boost  
  28  2:53  Zergling x4  
  28  3:04  Queen  
  26  3:09  Zergling x2  
  26  3:11  Zergling x2  
  28  3:16  Zergling x4  
  30  3:26  Queen  
  32  3:29  Zergling x2  
  32  3:33  Zergling x2  
  32  3:43  Zergling x4  
  32  3:46  Zergling x2  
  24  3:53  Drone  
  22  4:06  Zergling x2  
Tags
 
Add a new tag
Caveats
  • Supply blocks, unpowered buildings, or Contaminate may cause inaccurate times.
  • Supply counts are checked every 10 seconds.